 Dungeon Crawl Stone Soup version 0.29-a0-275-g389c0b56f3 (webtiles) character file.

Game seed: 13989515892395464441

116 epen the Covered (level 5, 0/33 HPs)
             Began as a Gargoyle Fighter on Mar 9, 2022.
             Slain by an orc wizard
             ... wielding a +0 dagger
              (4 damage)
             ... on level 3 of the Dungeon.
             The game lasted 00:03:19 (2313 turns).

epen the Covered (Gargoyle Fighter)                 Turns: 2313, Time: 00:03:20

Health: 0/33       AC: 14    Str: 22    XL:     5   Next: 1%
Magic:  5/5        EV: 10    Int:  8    God:
Gold:   230        SH:  0    Dex:  9    Spells: 4/4 levels left

rFire   . . .      SeeInvis .   a - +0 flail
rCold   . . .      Faith    .   (no shield)
rNeg    + . .      Spirit   .   b - +0 scale mail
rPois   ∞          Reflect  .   f - +0 helmet
rElec   +          Harm     .   (no cloak)
rCorr   .          Rampage  .   (no gloves)
Will    .....                   m - +1 pair of boots
Stlth   ..........              (no amulet)
HPRegen 0.11/turn               (no ring)
MPRegen 0.09/turn               (no ring)

@: confused
A: sickness immunity, AC +4, negative energy resistance 1, electricity
resistance, torment resistance 1, petrification resistance
a: no special abilities


You were on level 3 of the Dungeon.
You visited 1 branch of the dungeon, and saw 3 of its levels.

You collected 230 gold pieces.

Inventory:

Hand Weapons
 a - a +0 flail (weapon)
 t - a +0 morningstar
Armour
 b - a +0 scale mail (worn)
 c - a +0 buckler
 f - a +0 helmet (worn)
 m - a +1 pair of boots (worn)
Jewellery
 u - a ring of ice
Scrolls
 e - a scroll of enchant weapon {unknown}
 h - a scroll of identify {unknown}
 i - 3 scrolls of teleportation {unknown}
 j - a scroll of enchant armour {unknown}
 o - a scroll of vulnerability {unknown}
 r - a scroll of torment {unknown}
 s - a scroll of noise {unknown}
Potions
 d - a potion of might
 g - a potion of brilliance {unknown}
 k - a potion of haste {unknown}
 l - 2 potions of curing {unknown}
 n - 3 potions of heal wounds {unknown}
 p - a potion of attraction {unknown}
 q - a potion of lignification {unknown}


   Skills:
 + Level 3.9 Fighting
 * Level 3.5 Maces & Flails
 + Level 4.0 Armour
 + Level 1.4 Dodging
 - Level 3.2 Shields


You had 4 spell levels left.
You didn't know any spells.
Your spell library contained the following spells:

 Spells                   Type           Power      Damage    Failure   Level
 Freeze                   Ice            0%         1d3       73%         1
 Frozen Ramparts          Ice            0%         1d2       97%         3
 Hailstorm                Conj/Ice       0%         3d3       100%        4


Dungeon Overview and Level Annotations

Branches:
Dungeon (3/15)

Altars:
Elyvilon


Innate Abilities, Weirdness & Mutations

You are immune to sickness and miasma.
Your stone body is resilient. (AC +4)
You are immune to poison.
You resist negative energy. (rN+)
You are resistant to electric shocks. (rElec)
You are resistant to unholy torment.
You are immune to petrification.


Message History

Things that are here:
a +0 whip; an orc corpse You completely miss something.
You hear a splashing noise.
You're too confused to attack without stumbling around!
You're too confused to attack without stumbling around!
You're too confused to attack without stumbling around!
You're too confused to attack without stumbling around!
You're too confused to attack without stumbling around!
You're too confused to attack without stumbling around!
You enter the shallow water.
Moving in this stuff is going to be slow.
You hear a splashing noise.
Things that are here:
a +0 dagger; a +0 robe; a gold piece Something hits you but does no damage. x2
Things that are here:
a +0 whip; an orc corpse You bump into the rock wall.
You hear some strange, mumbled words.
Something tries to affect you, but you resist.
You miss something.
You feel less confused. Something hits you but does no damage.
You miss something.
You hear a splashing noise.
You miss something. Something hits you.
* * * LOW HITPOINT WARNING * * *
You miss something.
You hear some strange, mumbled words.
A puff of flame appears from out of thin air!
The puff of flame hits you.
* * * LOW HITPOINT WARNING * * *
You hear some strange, mumbled words.
You are confused.
You hear a splashing noise.
You bump into the rock wall.
Something hits you but does no damage. Something hits you but does no damage.
You barely miss something. Something hits you.
You die...

...##.......########
............##.....
.................#
.............#...#####
.....#....)#......?...
.....†....)...≈≈$..#
...#.#.###.#).≈_$.#
.#.#.#.# #.#..$)$.#
#.###.# #.##..{@.# #.#
#.# #.#####.## #.# #.#
#.# #.# ##.##... ...
#.# #...##.# #.. ..#
#...#..# ### #...##
.....# .#.#.##


There were no monsters in sight!

Vanquished Creatures
  An orc wizard (D:3)
  3 adders
  A worm (D:2)
  2 dart slugs (D:1)
  3 orcs (D:3)
  3 endoplasms
  4 giant cockroaches (D:3)
  3 goblins
  5 hobgoblins
  4 jackals
  3 kobolds
  2 quokkas (D:1)
  3 ball pythons
  5 bats
  5 frilled lizards
  6 rats
53 creatures vanquished.

Notes
Turn   | Place    | Note
-------+----------+-------------------------------------------
     0 | D:1      | epen the Gargoyle Fighter began the quest for the Orb.
     0 | D:1      | Reached XP level 1. HP: 14/14 MP: 1/1
    63 | D:1      | Reached XP level 2. HP: 18/19 MP: 2/2
   480 | D:1      | Reached XP level 3. HP: 23/23 MP: 3/3
  1474 | D:2      | Found a white marble altar of Elyvilon.
  1543 | D:2      | Reached skill level 1 in Dodging
  1748 | D:2      | Reached XP level 4. HP: 29/29 MP: 4/4
  2244 | D:3      | Found a faded altar of an unknown god.
  2287 | D:3      | Reached skill level 4 in Armour
  2301 | D:3      | Reached XP level 5. HP: 10/33 MP: 5/5
  2313 | D:3      | Slain by an orc wizard

Illustrated notes

Levels and vault maps discovered:
D:1:      minmay_arrival_solitary_statue, layout_basic
D:2:      layout_rooms, serial_glass, glass_columns_c, glass_columns_b,
          due_unseen_surprise, minmay_strange_pillars, minmay_strange_pillars,
          feat_on_display, basic_altar
D:3:      minmay_general_purpose_star, layout_loops_ring,
          hellmonk_ecumenical_altar_pennies_from_heaven

Skill      XL: |  1  2  3  4 |
---------------+-------------+-----
Dodging        | 1 |  1.4
Maces & Flails | 3 |  3.5
Armour         | 4 |  4.0
Fighting       | |  3.9
Shields        | |  3.2

Action                   |  1- 3 |  4- 6 || total
-------------------------+-------+-------++-------
Melee: Flail             |   131 |    77 ||   208
Armor: Scale mail        |    97 |    54 ||   151
Dodge: Dodged            |    76 |    38 ||   114

Table legend: (Time is in decaauts)
 A = Elapsed time spent in this place.
 B = Non-inter-level travel time spent in this place.
 C = Inter-level travel time spent in this place.
 D = Time resting spent in this place.
 E = Time spent auto-exploring this place.
 F = Levels seen in this place.
 G = Mean time per level.
                   A        B        C        D        E       F      G
               +--------+--------+--------+--------+--------+-----+--------+
         Total |   2365 |   2321 |     44 |      0 |   1837 |   3 |  788.3 |
       Dungeon |   2365 |   2321 |     44 |      0 |   1837 |   3 |  788.3 |
               +--------+--------+--------+--------+--------+-----+--------+

Top non-repeatable levels by time:
     D:1: 1078 daAuts
     D:2: 935 daAuts
     D:3: 352 daAuts
